AA
MILWAUKEE MILKMEN @ GARY SOUTHSHORE RAILCATS
06/11/2099
 
TOP OF THE 1ST
Winnipeg Goldeyes batting - Pitching for Washington Whalers : RHP Jonathan Hickin
Pitching: RHP Jonathan Hickin
Batting: RHB Hector Guerra 0-0: Swinging Strike
0-1: Swinging Strike
0-2: Foul Ball, location: 2F
0-2: Foul Ball, location: 5F
0-2: Foul Ball, location: 5F
0-2: DOUBLE (Line Drive, 7LM, EV 101.9 MPH)
Batting: LHB Chris Kowalski 0-0: Called Strike
0-1: Ground out 3-1 (Groundball, 34S, EV 87.5 MPH)
Hector Guerra to third
Batting: RHB Tom Holloway 0-0: Called Strike
0-1: Ball
1-1: Foul Ball, location: 7LMF
1-2: Ball
2-2: Strikes out swinging
Batting: RHB Willie Araujo 0-0: Ball
1-0: Foul Ball, location: 2F
1-1: Foul Ball, location: 2F
1-2: Foul Ball, location: 9LDF
1-2: Foul Ball, location: 9LDF
1-2: Foul Ball, location: 2F
1-2: Foul Ball, location: 2F
1-2: Fly out, F8 (Flyball, 8RD, EV 88.8 MPH)
Top of the 1st over - 0 runs, 1 hit, 0 errors, 1 left on base; Winnipeg 0 - Washington 0
BOTTOM OF THE 1ST
Washington Whalers batting - Pitching for Winnipeg Goldeyes : LHP Chase Stacy
Pitching: LHP Chase Stacy
Batting: RHB Bill Galdamez 0-0: Ball
1-0: Hit by Pitch
Batting: RHB Brian Steil 0-0: Ball
1-0: Ball
2-0: Called Strike
2-1: Ball
3-1: Base on Balls
Bill Galdamez to second
Batting: LHB Greg Lepley 0-0: Foul Ball, location: 5F
0-1: Foul Ball, location: 7LMF
0-2: Strikes out swinging
Batting: RHB Michinobu Umetsu 0-0: Ball
1-0: Foul Ball, location: 2F
1-1: Ball
2-1: Grounds into double play, 5-4-3 (Groundball, 56, EV 88.1 MPH)
Bottom of the 1st over - 0 runs, 0 hits, 0 errors, 1 left on base; Winnipeg 0 - Washington 0
TOP OF THE 2ND
Winnipeg Goldeyes batting - Pitching for Washington Whalers : RHP Jonathan Hickin
Batting: RHB Danny Adams 0-0: SINGLE (Line Drive, 89S, EV 83.8 MPH)
Batting: SHB Joey McClintick 0-0: Called Strike
0-1: Ball
1-1: Hit by Pitch
Danny Adams to second
Batting: RHB Jose Ramos 0-0: Called Strike
0-1: Ball
1-1: Ball
2-1: Ball
Wild Pitch!
Danny Adams to third
Joey McClintick to second
3-1: Ground out 5-3 (Groundball, 56S, EV 71.3 MPH)
Danny Adams scores
Batting: RHB Roland Bitts 0-0: SINGLE (Groundball, 34D, EV 97.5 MPH)
Joey McClintick to third
Runner from 3rd tries for Home, SAFE, throw by RF to home
Batting: SHB Juan Iturralde 0-0: Ball
1-0: Foul Ball, location: 7LSF
1-1: Ball
2-1: SINGLE (Line Drive, 9S, EV 90.0 MPH)
Roland Bitts to second
Batting: RHB Hector Guerra 0-0: Fielders Choice at 2nd, 4-6 (Groundball, 4M, EV 88.1 MPH)
Roland Bitts to third
Batting: LHB Chris Kowalski 0-0: Ball
1-0: Swinging Strike
1-1: Ball
2-1: Ball
3-1: Fly out, F7 (Line Drive, 7, EV 91.3 MPH)
Top of the 2nd over - 2 runs, 3 hits, 0 errors, 2 left on base; Winnipeg 2 - Washington 0
BOTTOM OF THE 2ND
Washington Whalers batting - Pitching for Winnipeg Goldeyes : LHP Chase Stacy
Batting: LHB Manuel Fuentes 0-0: Ball
1-0: Called Strike
1-1: Foul Ball, location: 2F
1-2: Fly out, F8 (Flyball, 89S, EV 83.8 MPH)
Batting: LHB Antonio Velez 0-0: Ground out 4-3 (Groundball, 4M, EV 105.0 MPH)
Batting: RHB Nick Baker 0-0: Called Strike
0-1: Ball
1-1: Ball
2-1: Ball
3-1: Fly out, F4 (Popup, 4MD, EV 47.5 MPH)
Bottom of the 2nd over - 0 runs, 0 hits, 0 errors, 0 left on base; Winnipeg 2 - Washington 0
TOP OF THE 3RD
Winnipeg Goldeyes batting - Pitching for Washington Whalers : RHP Jonathan Hickin
Batting: RHB Tom Holloway 0-0: Called Strike
0-1: Called Strike
0-2: Ball
1-2: Foul Ball, location: 5F
1-2: Ball
2-2: Ground out 6-3 (Groundball, 6M, EV 102.5 MPH)
Batting: RHB Willie Araujo 0-0: Ball
1-0: Swinging Strike
1-1: Ball
2-1: Foul Ball, location: 3SF
2-2: Ball
3-2: DOUBLE (Flyball, 89XD, EV 98.1 MPH)
Batting: RHB Danny Adams 0-0: Called Strike
0-1: Foul Ball, location: 2F
0-2: Foul Ball, location: 9LSF
0-2: SINGLE (Groundball, 4S, EV 72.5 MPH) (infield hit)
Willie Araujo to third
Batting: SHB Joey McClintick 0-0: Ball
1-0: DOUBLE (Line Drive, 8LD, EV 90.6 MPH)
Willie Araujo scores
Danny Adams to third
Batting: RHB Jose Ramos 0-0: Called Strike
0-1: Foul Ball, location: 9LMF
0-2: Foul Ball, location: 2F
0-2: Ball
1-2: Strikes out swinging
Batting: RHB Roland Bitts 0-0: Called Strike
0-1: Ball
1-1: Ground out 4-3 (Groundball, 4, EV 81.9 MPH)
Top of the 3rd over - 1 run, 3 hits, 0 errors, 2 left on base; Winnipeg 3 - Washington 0
BOTTOM OF THE 3RD
Washington Whalers batting - Pitching for Winnipeg Goldeyes : LHP Chase Stacy
Batting: RHB Gabe Plaza 0-0: Ball
1-0: Called Strike
1-1: Ball
2-1: Swinging Strike
2-2: Strikes out swinging
Batting: LHB Gus Arellano 0-0: Ball
1-0: Ball
2-0: Ground out 2-3 (Groundball, 2L, EV 71.9 MPH)
Batting: RHB Bill Galdamez 0-0: Ball
1-0: Ground out 6-3 (Groundball, 56, EV 91.3 MPH)
Bottom of the 3rd over - 0 runs, 0 hits, 0 errors, 0 left on base; Winnipeg 3 - Washington 0
TOP OF THE 4TH
Winnipeg Goldeyes batting - Pitching for Washington Whalers : RHP Jonathan Hickin
Batting: SHB Juan Iturralde 0-0: Foul Ball, location: 9LSF
0-1: Ball
1-1: Ball
2-1: Ground out 6-3 (Groundball, 6, EV 100.0 MPH)
Batting: RHB Hector Guerra 0-0: Called Strike
0-1: SINGLE (Groundball, 34D, EV 105.0 MPH) (infield hit)
Batting: LHB Chris Kowalski 0-0: Called Strike
0-1: Ball
1-1: Ball
2-1: Foul Ball, location: 5DF
2-2: Strikes out looking
Batting: RHB Tom Holloway 0-0: Called Strike
0-1: Foul Ball, location: 2F
0-2: Ball
1-2: Ball
2-2: Fly out, F8 (Flyball, 8RD, EV 111.3 MPH)
Top of the 4th over - 0 runs, 1 hit, 0 errors, 1 left on base; Winnipeg 3 - Washington 0
BOTTOM OF THE 4TH
Washington Whalers batting - Pitching for Winnipeg Goldeyes : LHP Chase Stacy
Batting: RHB Brian Steil 0-0: Ground out 6-3 (Groundball, 6, EV 103.1 MPH)
Batting: LHB Greg Lepley 0-0: Ball
1-0: Ball
2-0: Swinging Strike
2-1: Ball
3-1: Called Strike
3-2: Foul Ball, location: 23FF
3-2: Foul Ball, location: 5FF
3-2: Ground out 6-3 (Groundball, 6, EV 85.6 MPH)
Batting: RHB Michinobu Umetsu 0-0: Ball
1-0: SINGLE (Line Drive, 4D, EV 95.0 MPH)
Batting: LHB Manuel Fuentes 0-0: Single, Error in OF, E9, batter to second base (Groundball, 34D, EV 99.4 MPH)
Michinobu Umetsu to third
Batting: LHB Antonio Velez 0-0: Called Strike
0-1: Ground out 4-3 (Groundball, 4, EV 85.6 MPH)
Bottom of the 4th over - 0 runs, 2 hits, 1 error, 2 left on base; Winnipeg 3 - Washington 0
TOP OF THE 5TH
Winnipeg Goldeyes batting - Pitching for Washington Whalers : RHP Jonathan Hickin
Batting: RHB Willie Araujo 0-0: Swinging Strike
0-1: Ball
1-1: Ball
2-1: Ball
3-1: Foul Ball, location: 2RF
3-2: Strikes out looking
Batting: RHB Danny Adams 0-0: Foul Ball, location: 9LSF
0-1: Ball
1-1: SINGLE (Line Drive, 56D, EV 97.5 MPH)
Pitching: LHP Alex May
Batting: SHB Joey McClintick 0-0: Swinging Strike
0-1: Foul Ball, location: 25F
0-2: Fly out, F7 (Flyball, 7S, EV 83.8 MPH)
Batting: RHB Jose Ramos 0-0: Swinging Strike
0-1: Ground out 4-3 (Groundball, 4, EV 84.4 MPH)
Top of the 5th over - 0 runs, 1 hit, 0 errors, 1 left on base; Winnipeg 3 - Washington 0
BOTTOM OF THE 5TH
Washington Whalers batting - Pitching for Winnipeg Goldeyes : LHP Chase Stacy
Batting: RHB Nick Baker 0-0: Ball
1-0: Called Strike
1-1: Ball
2-1: Ball
3-1: Swinging Strike
3-2: Fly out, F9 (Flyball, 9LM, EV 93.1 MPH)
Batting: RHB Gabe Plaza 0-0: Ball
1-0: Ball
2-0: Called Strike
2-1: Ball
3-1: Base on Balls
Batting: LHB Gus Arellano 0-0: Ball
1-0: Called Strike
1-1: Grounds into double play, 4-6-3 (Groundball, 34D, EV 104.4 MPH)
Bottom of the 5th over - 0 runs, 0 hits, 0 errors, 0 left on base; Winnipeg 3 - Washington 0
TOP OF THE 6TH
Winnipeg Goldeyes batting - Pitching for Washington Whalers : LHP Alex May
Batting: RHB Roland Bitts 0-0: Called Strike
0-1: Ground out 5-3 (Groundball, 56, EV 90.0 MPH)
Batting: SHB Juan Iturralde 0-0: Fly out, F8 (Flyball, 8LM, EV 94.4 MPH)
Batting: RHB Hector Guerra 0-0: Ball
1-0: Ball
2-0: Called Strike
2-1: Foul Ball, location: 9LDF
2-2: Strikes out swinging
Top of the 6th over - 0 runs, 0 hits, 0 errors, 0 left on base; Winnipeg 3 - Washington 0
BOTTOM OF THE 6TH
Washington Whalers batting - Pitching for Winnipeg Goldeyes : LHP Chase Stacy
Batting: RHB Bill Galdamez 0-0: Ball
1-0: Swinging Strike
1-1: Ball
2-1: Foul Ball, location: 9LSF
2-2: Ball
3-2: Ground out U3 (Groundball, 3, EV 86.9 MPH)
Batting: RHB Brian Steil 0-0: Fly out, F7 (Flyball, 7, EV 82.5 MPH)
Batting: LHB Greg Lepley 0-0: Ball
1-0: Called Strike
1-1: Foul Ball, location: 7LSF
1-2: Foul Ball, location: 2F
1-2: Foul Ball, location: 25F
1-2: Strikes out swinging
Bottom of the 6th over - 0 runs, 0 hits, 0 errors, 0 left on base; Winnipeg 3 - Washington 0
TOP OF THE 7TH
Winnipeg Goldeyes batting - Pitching for Washington Whalers : LHP Alex May
Batting: LHB Chris Kowalski 0-0: Ball
1-0: Foul Ball, location: 2LF
1-1: Ball
2-1: Foul Ball, location: 9LDF
2-2: Foul Ball, location: 7LDF
2-2: SINGLE (Line Drive, 89M, EV 102.5 MPH)
Batting: RHB Tom Holloway 0-0: Called Strike
0-1: Ball
1-1: Ball
2-1: Ball
3-1: Swinging Strike
3-2: Base on Balls
Chris Kowalski to second
Batting: RHB Willie Araujo 0-0: Called Strike
0-1: Foul Ball, location: 5FF
0-2: Ball
1-2: Ball
2-2: Grounds into double play, 1-4-3 (Groundball, P, EV 65.0 MPH)
Chris Kowalski to third
Batting: RHB Danny Adams 0-0: Ball
1-0: Foul Ball, location: 5F
1-1: Foul Ball, location: 7LSF
1-2: Ball
2-2: Ground out 6-3 (Groundball, 6MS, EV 85.6 MPH)
Top of the 7th over - 0 runs, 1 hit, 0 errors, 1 left on base; Winnipeg 3 - Washington 0
BOTTOM OF THE 7TH
Washington Whalers batting - Pitching for Winnipeg Goldeyes : LHP Chase Stacy
Batting: RHB Michinobu Umetsu 0-0: Ball
1-0: Ground out 5-3 (Groundball, 56, EV 80.0 MPH)
Batting: LHB Manuel Fuentes 0-0: Fly out, F3 (Popup, 34S, EV 80.0 MPH)
Batting: LHB Antonio Velez 0-0: Ground out 4-3 (Groundball, 4, EV 88.8 MPH)
Bottom of the 7th over - 0 runs, 0 hits, 0 errors, 0 left on base; Winnipeg 3 - Washington 0
TOP OF THE 8TH
Winnipeg Goldeyes batting - Pitching for Washington Whalers : LHP Alex May
Batting: SHB Joey McClintick 0-0: Called Strike
0-1: Ball
1-1: Ball
2-1: Called Strike
2-2: SINGLE (Line Drive, 4MD, EV 94.4 MPH)
Pitching: RHP Mike Fluitt
Batting: RHB Jose Ramos 0-0: Called Strike
0-1: Swinging Strike
0-2: Foul Ball, location: 3F
0-2: Ball
1-2: Foul Ball, location: 2F
1-2: Strikes out swinging
Batting: RHB Roland Bitts 0-0: Grounds into double play, 4-6-3 (Groundball, 4, EV 88.1 MPH)
Top of the 8th over - 0 runs, 1 hit, 0 errors, 0 left on base; Winnipeg 3 - Washington 0
BOTTOM OF THE 8TH
Washington Whalers batting - Pitching for Winnipeg Goldeyes : LHP Chase Stacy
Batting: RHB Nick Baker 0-0: Ball
1-0: Fly out, F9 (Flyball, 9, EV 81.9 MPH)
Batting: RHB Gabe Plaza 0-0: Swinging Strike
0-1: Ball
1-1: Ball
2-1: Called Strike
2-2: Ground out 6-3 (Groundball, 6S, EV 68.1 MPH)
Batting: LHB Gus Arellano 0-0: Ground out 5-3 (Groundball, 5, EV 103.1 MPH)
Bottom of the 8th over - 0 runs, 0 hits, 0 errors, 0 left on base; Winnipeg 3 - Washington 0
TOP OF THE 9TH
Winnipeg Goldeyes batting - Pitching for Washington Whalers : RHP Mike Fluitt
Pitching: LHP Rob Ward
Batting: SHB Juan Iturralde 0-0: Swinging Strike
0-1: Fly out, F8 (Line Drive, 8RM, EV 104.4 MPH)
Batting: RHB Hector Guerra 0-0: Ball
1-0: Fly out, F9 (Flyball, 89M, EV 93.8 MPH)
Batting: LHB Chris Kowalski 0-0: Ball
1-0: Foul Ball, location: 3FF
1-1: Swinging Strike
1-2: Foul Ball, location: 2F
1-2: Strikes out looking
Top of the 9th over - 0 runs, 0 hits, 0 errors, 0 left on base; Winnipeg 3 - Washington 0
BOTTOM OF THE 9TH
Washington Whalers batting - Pitching for Winnipeg Goldeyes : LHP Chase Stacy
Batting: RHB Bill Galdamez 0-0: SINGLE (Line Drive, 34D, EV 99.4 MPH)
Batting: RHB Brian Steil 0-0: Swinging Strike
0-1: Grounds into double play, 5-4-3 (Groundball, 5, EV 82.5 MPH)
Batting: LHB Greg Lepley 0-0: Ball
1-0: Foul Ball, location: 2RF
1-1: Ball
2-1: Fly out, F9 (Flyball, 9, EV 84.4 MPH)
Bottom of the 9th over - 0 runs, 1 hit, 0 errors, 0 left on base; Winnipeg 3 - Washington 0
Monday, May 6th , 2024 - OOTP Baseball 24.11 Build 85